 Dungeon Crawl Stone Soup version 0.28-a0-1206-g193881aaa2 (webtiles) character file.

Game seed: 15589034685470210433

10180 jtrev the Basher (level 11, -1/60 HPs)
             Began as a Gargoyle Berserker on Dec 20, 2021.
             Was an Elder of Trog.
             Slain by a troll (11 damage)
             ... on level 2 of the Orcish Mines on Dec 21, 2021.
             The game lasted 00:41:25 (14395 turns).

jtrev the Basher (Gargoyle Berserker)              Turns: 14395, Time: 00:41:26

Health: -1/60      AC: 15    Str: 26    XL:     11   Next: 58%
Magic:  0/11       EV: 10    Int:  7    God:    Trog [****..]
Gold:   953        SH:  0    Dex:  9    Spells: 10/10 levels left

rFire   . . .      SeeInvis .   f - +4 mace (freeze)
rCold   . . .      Faith    .   (no shield)
rNeg    + . .      Spirit   +   r - +0 scale mail
rPois   ∞          Reflect  .   (no helmet)
rElec   +          Harm     .   (no cloak)
rCorr   .          Rampage  .   p - +0 pair of gloves
Will    .....                   (no boots)
Stlth   ..........              h - amulet of guardian spirit
HPRegen 0.20/turn               (no ring)
MPRegen 0.12/turn               (no ring)

@: no status effects
A: sickness immunity, AC +8, negative energy resistance 1, electricity
resistance, torment resistance 1, petrification resistance
a: Renounce Religion, Berserk, Trog's Hand, Brothers in Arms


You were on level 2 of the Orcish Mines.
You worshipped Trog.
Trog was greatly pleased with you.
You visited 2 branches of the dungeon, and saw 13 of its levels.
You also visited: Sewer.

You collected 953 gold pieces.

Inventory:

Hand Weapons
 f - a +4 mace of freezing (weapon)
   (You took it off a wight on level 7 of the Dungeon)
Missiles
 n - a throwing net (quivered) {!f}
Armour
 a - a +0 chain mail
   (You took it off an orc warrior on level 10 of the Dungeon)
 p - a +0 pair of gloves (worn)
   (You found it on level 3 of the Dungeon)
 r - a +0 scale mail (worn)
   (You took it off Terence on level 3 of the Dungeon)
 B - a +0 kite shield
   (You took it off a gnoll sergeant on level 6 of the Dungeon)
Jewellery
 d - a ring of ice
   (You found it on level 1 of the Dungeon)
 h - an amulet of guardian spirit (around neck)
   (You found it on level 2 of the Dungeon)
Wands
 u - a wand of paralysis (9)
   (You took it off an orc wizard on level 6 of the Dungeon)
Scrolls
 b - 2 scrolls of enchant weapon {unknown}
 c - 2 scrolls of holy word {unknown}
 g - 3 scrolls of fog {unknown}
 i - 4 scrolls of identify {@r1}
 k - a scroll of torment {unknown}
 m - a scroll of acquirement {unknown}
 q - 2 scrolls of fear {unknown}
 s - 2 scrolls of amnesia {unknown}
 t - 3 scrolls of immolation {unknown}
 v - a scroll of blinking {unknown}
 x - a scroll of summoning {unknown}
 y - 4 scrolls of teleportation {unknown}
 z - 3 scrolls of brand weapon {unknown}
 E - a scroll of noise {unknown}
Potions
 e - 2 potions of degeneration {!q}
 j - 2 potions of mutation {!q}
 l - 2 potions of ambrosia
 o - a potion of brilliance
 w - a potion of attraction {!q}
 A - 3 potions of curing {@q1}
 D - a potion of haste {@q3}


   Skills:
 - Level 3.2 Fighting
 + Level 14.7 Maces & Flails
 - Level 2.1 Armour
 - Level 1.5 Dodging
 * Level 11.3 Shields


You had 10 spell levels left.
You didn't know any spells.
Your spell library was empty.

Dungeon Overview and Level Annotations

Branches:
Dungeon (11/15)               Orc (2/2) D:9             Elf (0/3) Orc:2
  Sewer (visited)
 Temple: D:4-7         Lair: D:8-11

Altars:
Nemelex Xobeh
Qazlal
Ru
Yredelemnul
Zin
The Shining One

Shops:
D:8 **   Orc:2 [


Innate Abilities, Weirdness & Mutations

You are immune to sickness and miasma.
Your stone body is resilient. (AC +8)
You are immune to poison.
You resist negative energy. (rN+)
You are resistant to electric shocks. (rElec)
You are resistant to unholy torment.
You are immune to petrification.


Message History

Trog accepts your kill. The ogre hits you but does no damage.
The ogre hits you with a +0 giant club!!
* * * LOW HITPOINT WARNING * * *
You sock the ogre! You freeze the ogre.
Unknown command.
You thump the ogre! You freeze the ogre.
You kill the ogre!
Trog accepts your kill.
Unknown command.
You bludgeon the ogre!! You freeze the ogre!
You kill the ogre!
Trog accepts your kill.
Unknown command.
You see here a +0 giant club.
You start resting.
You feel a strong urge to attack something.
You are no longer berserk.
You are exhausted.
You feel yourself slow down.
You start resting.
You feel yourself speed up.
You recover from your berserk rage.
Unknown command.
Things that are here:
a +0 giant club; an ogre corpse
There is a stone staircase leading down here.
You start resting.
Unknown command.
You climb downwards.
The ogre shouts!
The two-headed ogre shouts in stereo!
The ogre shouts!
The troll shouts!
The gnoll shouts!
The ogre barely misses you.
A troll comes into view.
There is a stone staircase leading up here.
The troll shouts!
You hear a shout!
You climb upwards.
There is a stone staircase leading down here.
You climb downwards.
The two-headed ogre hits you with a +0 giant club.
The two-headed ogre closely misses you. The ogre hits you with a +0 giant club!
The two-headed ogre barely misses you. The two-headed ogre misses you.
There is a stone staircase leading up here.
The ogre hits you with a +0 giant club.
The two-headed ogre hits you with a +0 giant club!!
* * * LOW HITPOINT WARNING * * *
The two-headed ogre hits you with a +0 giant spiked club!
* * * LOW HITPOINT WARNING * * *
The troll bites you!
You die...

..##..................#.....
............................
...#.....#............#.....
....#....##.................
....#.......................
..............^............#
..................#......###
..........[..............#
..........T@O............#
.........)OTO...............
...#....>OOg................
....#...T...#............#..
.......O..............#...
#.....................##.#
###....................###
###...................##
#.......<...#..........


You could see 2 two-headed ogres, 3 trolls, 4 ogres and a gnoll.

Vanquished Creatures
  3 two-headed ogres
  A cyclops (Orc:1)
  A gargoyle (D:11)
  A troll (Orc:1)
  2 hornets
  A meliai zombie (D:7)
  5 yaks (D:10)
  Sigmund (D:2)
  A wyvern (D:9)
  3 wraiths (D:10)
  2 steam dragons
  Menkaure (D:6)
  Edmund (D:6)
  An acid dragon (D:10)
  2 water moccasins
  2 sky beasts
  6 orc warriors
  A black bear (D:5)
  An ice beast (D:8)
  A necrophage (D:6)
  8 ogres
  3 centaurs
  3 kobold brigands (D:6)
  4 gnoll sergeants (D:6)
  A bullfrog (D:6)
  A water moccasin zombie (D:5)
  A water moccasin skeleton (D:5)
  9 wights
  5 howler monkeys
  4 centaur zombies
  4 hounds
  4 gnoll shamans (D:6)
  8 orc priests
  A jelly (D:6)
  Terence (D:3)
  An iguana (D:5)
  9 orc wizards
  A scorpion zombie (D:4)
  A killer bee zombie (D:7)
  A hound zombie (D:4)
  A howler monkey zombie (D:8)
  25 gnolls (D:6)
  A howler monkey skeleton (D:5)
  6 adders
  A shadow imp (D:6)
  An adder skeleton (D:4)
  A worm (D:5)
  A dart slug (D:3)
  31 orcs
  9 ball pythons
  5 endoplasms
  6 giant cockroaches (Sewer)
  3 goblins
  5 hobgoblins
  9 jackals
  5 quokkas
  4 bats (D:2)
  13 frilled lizards
  15 kobolds
  A quokka skeleton (D:4)
  9 rats
259 creatures vanquished.

Vanquished Creatures (others)
  A withered plant (D:4)
1 creature vanquished.

Grand Total: 260 creatures vanquished

Notes
Turn   | Place    | Note
-------+----------+-------------------------------------------
     0 | D:1      | jtrev the Gargoyle Berserker began the quest for the Orb.
     0 | D:1      | Reached XP level 1. HP: 14/14 MP: 1/1
   364 | D:1      | Reached XP level 2. HP: 19/19 MP: 2/2
   775 | D:1      | Reached skill level 4 in Maces & Flails
  1235 | D:2      | Reached XP level 3. HP: 23/23 MP: 3/3
  1665 | D:2      | Reached ** piety under Trog
  1667 | D:2      | Noticed Sigmund
  1676 | D:2      | Killed Sigmund
  1677 | D:2      | Reached skill level 6 in Maces & Flails
  1677 | D:2      | Reached XP level 4. HP: 20/28 MP: 2/4
  1677 | D:2      | Reached XP level 5. HP: 22/32 MP: 2/5
  2440 | D:3      | Noticed Terence
  2576 | D:3      | Killed Terence
  2577 | D:3      | Reached XP level 6. HP: 32/37 MP: 3/6
  2937 | D:3      | Found a faded altar of an unknown god.
  3315 | D:4      | Reached skill level 7 in Maces & Flails
  3491 | D:4      | You fall into a shaft and drop 1 floor!
  3491 | D:5      | Entered Level 5 of the Dungeon
  3527 | D:5      | Noticed a water moccasin
  3536 | D:5      | Reached XP level 7. HP: 41/41 MP: 7/7
  3552 | D:5      | Reached skill level 8 in Maces & Flails
  3598 | D:5      | Found a glowing drain.
  3616 | Sewer    | Entered a sewer
  3633 | Sewer    | Reached *** piety under Trog
  4460 | D:5      | Reached skill level 9 in Maces & Flails
  4468 | D:5      | Reached XP level 8. HP: 46/46 MP: 8/8
  4755 | D:6      | Reached skill level 10 in Maces & Flails
  5130 | D:6      | Reached skill level 11 in Maces & Flails
  5288 | D:6      | Paralysed by an orc wizard for 5 turns
  5296 | D:6      | Reached **** piety under Trog
  5424 | D:6      | Noticed Edmund
  5441 | D:6      | Killed Edmund
  5442 | D:6      | Reached XP level 9. HP: 48/51 MP: 9/9
  5657 | D:6      | Reached skill level 12 in Maces & Flails
  5734 | D:6      | Noticed Menkaure
  5764 | D:6      | Killed Menkaure
  6099 | D:6      | Found a stormy altar of Qazlal.
  6102 | D:6      | Found a glowing silver altar of Zin.
  6104 | D:6      | Found a basalt altar of Yredelemnul.
  7061 | D:7      | Reached skill level 1 in Shields
  7078 | D:7      | Reached skill level 13 in Maces & Flails
  7324 | D:7      | Found a sparkling altar of Nemelex Xobeh.
  8107 | D:8      | Found Kozuxoy's General Store.
  8107 | D:8      | Found Uxenkelu's Specific Store.
  8275 | D:7      | Reached XP level 10. HP: 36/56 MP: 7/10
  8539 | D:8      | Noticed a two-headed ogre
  8557 | D:8      | Killed a two-headed ogre
  9717 | D:9      | Found a sacrificial altar of Ru.
 10149 | D:9      | Found a glowing golden altar of the Shining One.
 10421 | D:9      | Noticed a two-headed ogre
 10454 | D:9      | Killed a two-headed ogre
 10459 | D:9      | Reached skill level 14 in Maces & Flails
 10683 | D:9      | Found a staircase to the Orcish Mines.
 10852 | D:10     | Entered Level 10 of the Dungeon
 10909 | Orc:1    | Entered Level 1 of the Orcish Mines
 11195 | D:10     | Reached XP level 11. HP: 45/60 MP: 7/11
 11353 | D:10     | Noticed a two-headed ogre
 11366 | D:10     | Killed a two-headed ogre
 11584 | D:10     | Reached skill level 10 in Shields
 12160 | D:11     | Noticed a centaur warrior
 12636 | D:11     | Noticed a green ugly thing
 13398 | Orc:1    | Noticed a cyclops
 13413 | Orc:1    | Killed a cyclops
 13629 | Orc:2    | Entered Level 2 of the Orcish Mines
 13629 | Orc:2    | Found a staircase to the Elven Halls.
 14058 | Orc:2    | Found Vehaob's Antique Armour Boutique.
 14117 | Orc:2    | Noticed a two-headed ogre
 14390 | Orc:2    | Noticed a two-headed ogre
 14395 | Orc:2    | Slain by a troll

Illustrated notes

Levels and vault maps discovered:
D:1:      minmay_arrival_three_doors, layout_basic, st_stairs_4,
          minmay_misc_feat_doors
D:2:      layout_basic, wad_floor_pattern_untrapped, hangedman_decor_lopped,
          uniq_sigmund
D:3:      layout_rooms, hellmonk_ecumenical_altar_lost_god, uniq_terence
D:4:      layout_gridville, minmay_temple_entry_large_hall, serial_undead,
          serial_undead_a, serial_undead_a, serial_undead_c, serial_undead_a,
          serial_undead_d, serial_undead_e, serial_undead_e
D:5:      layout_rooms, cheibrodos_sewer_entry_bend, minmay_diced_spiral
D:6:      layout_cave_pools, nicolae_overflow_hidden_temple, serial_gnoll_camp,
          gnoll_camp_mini_sergeant, gnoll_camp_huts_basic, gnoll_camp_mini_hut,
          gnoll_camp_mini_house, gnoll_camp_medium_02,
          minmay_unpleasant_kobolds, uniq_edmund, uniq_menkaure
D:7:      layout_loops_ring, nemelex_xobeh_ov_fountains_minmay
D:8:      layout_basic, nicolae_specific_store, roderic_lattice_a
D:9:      layout_grid_maze, lemuel_coloured_pillars_altar,
          mainiacjoe_overflow_cross_hatched, orc_0_dummy
D:10:     layout_roguey
D:11:     layout_loops_ring, dpeg_oklobed_lair
Orc:1:    layout_diamond_mine, uniq_fannar
Orc:2:    st_orc_open, layout_caves

Skill      XL: |  1  2  3  4  5  6  7  8  9 10 11 |
---------------+----------------------------------+-----
Maces & Flails | 4 6 7 9 11 13 14 | 14.7
Shields        | 4 9 11 | 11.3
Fighting       | |  3.2
Armour         | |  2.1
Dodging        | |  1.5

Action                   |  1- 3 |  4- 6 |  7- 9 | 10-12 || total
-------------------------+-------+-------+-------+-------++-------
Melee: Mace              |    26 |       |       |   122 ||   148
       Whip              |    46 |   134 |   529 |   285 ||   994
Invok: Berserk           |     2 |     2 |     7 |    10 ||    21
  Use: Scroll            |       |       |       |     6 ||     6
 Stab: Sleeping          |     1 |     1 |       |       ||     2
Armor: Animal skin       |    18 |    33 |       |       ||    51
       Scale mail        |       |    21 |   177 |   131 ||   329
Dodge: Dodged            |    33 |    91 |   181 |   115 ||   420

Table legend: (Time is in decaauts)
 A = Elapsed time spent in this place.
 B = Non-inter-level travel time spent in this place.
 C = Inter-level travel time spent in this place.
 D = Time resting spent in this place.
 E = Time spent auto-exploring this place.
 F = Levels seen in this place.
 G = Mean time per level.
                   A        B        C        D        E       F      G
               +--------+--------+--------+--------+--------+-----+--------+
         Total |  14344 |  13379 |    965 |   3482 |   6937 |  14 | 1024.6 |
       Dungeon |  12110 |  11147 |    963 |   2897 |   6112 |  11 | 1100.9 |
  Orcish Mines |   1556 |   1555 |      1 |    584 |    584 |   2 |  778.0 |
         Sewer |    676 |    676 |      0 |      0 |    240 |   1 |  676.0 |
               +--------+--------+--------+--------+--------+-----+--------+

Top non-repeatable levels by time:
     D:6: 2007 daAuts
    D:10: 1710 daAuts
     D:9: 1422 daAuts
     D:7: 1395 daAuts
     D:2: 1306 daAuts
     D:8: 1251 daAuts
     D:1: 1225 daAuts
   Orc:1: 1166 daAuts
     D:5: 772 daAuts
     D:3: 733 daAuts
   Sewer: 676 daAuts
   Orc:2: 390 daAuts
     D:4: 233 daAuts
    D:11: 52 daAuts
